 Dungeon Crawl Stone Soup version 0.27-a0-412-g8dd771eca2 (webtiles) character file.

Game seed: 4790680846533840562

4021 wampuh the Transmogrifier (level 10, -11/80 HPs)
             Began as a Purple Draconian Transmuter on Feb 23, 2021.
             Was a Believer of Wu Jian.
             Mangled by a boulder beetle (42 damage)
             ... on level 9 of the Dungeon.
             The game lasted 00:16:28 (12187 turns).

wampuh the Transmogrifier (DrTm)                   Turns: 12187, Time: 00:16:29

Health: -11/80     AC:  7    Str: 18    XL:     10   Next: 3%
Magic:  14/17      EV: 15    Int: 16    God:    Wu Jian [**....]
Gold:   444        SH:  0    Dex: 19    Spells: 11/19 levels left

rFire    . . .     SeeInvis .     - Unarmed
rCold    . . .     Faith    .   (shield currently unavailable)
rNeg     . . .     Spirit   .   (armour unavailable)
rPois    .         Reflect  .   (helmet restricted)
rElec    .         Harm     .   (no cloak)
rCorr    .         Rampage  .   (gloves currently unavailable)
Will     +....                  (no boots)
Stlth    ++........             d - amulet of the acrobat
HPRegen  0.23/turn              g - +6 ring of dexterity
MPRegen  0.15/turn              z - +6 ring of strength

@: blade hands
A: breathe power, unfitting armour, cold-blooded, AC +7
a: Breathe Dispelling Energy, End Transformation, Renounce Religion, Wall Jump


You were on level 9 of the Dungeon.
You worshipped Wu Jian.
Wu Jian was pleased with you.
You had blades for hands.
You visited 2 branches of the dungeon, and saw 10 of its levels.

You collected 535 gold pieces.
You spent 66 gold pieces at shops.
You donated 25 gold pieces to Zin.

Inventory:

Jewellery
 d - an amulet of the acrobat (around neck)
 g - a +6 ring of dexterity (left scythe-like blade)
 p - a ring of see invisible
 z - a +6 ring of strength (right scythe-like blade)
Wands
 i - a wand of random effects (35)
 q - a wand of polymorph (7)
 u - a wand of acid (6)
 w - a wand of mindburst (12)
Scrolls
 a - 2 scrolls of random uselessness
 b - a scroll of magic mapping
 c - 2 scrolls of teleportation
 h - a scroll of identify
 j - 2 scrolls of blinking
 l - 2 scrolls of fog
 m - 2 scrolls of fear
 o - a scroll of enchant armour
 r - 2 scrolls of immolation
 s - a scroll of enchant weapon
Potions
 e - 3 potions of berserk rage {unknown}
 f - a potion of mutation
 k - 2 potions of flight
 n - 3 potions of heal wounds
 t - a potion of lignification
 v - a potion of brilliance {unknown}
 x - a potion of invisibility {unknown}
 A - a potion of curing {unknown}


   Skills:
 + Level 4.3 Fighting
 + Level 4.9 Dodging
 + Level 6.0 Unarmed Combat
 - Level 5.0 Spellcasting
 - Level 10.0 Transmutations
 - Level 4.0 Invocations
 - Level 4.0 Evocations


You had 11 spell levels left.
You knew the following spells:

 Your Spells              Type           Power        Failure   Level
a - Blade Hands           Tmut           18%          38%         5
b - Wereblood             Tmut           36%          11%         2
c - Beastly Appendage     Tmut           72%          10%         1

Your spell library contained the following spells:

 Spells                   Type           Power        Failure   Level
 Passwall                 Tmut/Erth      16%          26%         2
 Spider Form              Tmut/Pois      10%          36%         3
 Freeze                   Ice            16%          56%         1
 Sandblast                Erth           8%           56%         1
 Ice Form                 Ice/Tmut       20%          61%         4
 Petrify                  Tmut/Erth      20%          61%         4
 Confusing Touch          Hex            4%           82%         3
 Frozen Ramparts          Ice            8%           82%         3
 Gell's Gravitas          Tloc           2%           82%         3
 Ozocubu's Armour         Ice            4%           82%         3
 Stone Arrow              Conj/Erth      8%           82%         3
 Yara's Violent Unravell  Hex/Tmut       10%          86%         5
 Hailstorm                Conj/Ice       4%           98%         4
 Summon Ice Beast         Ice/Summ       4%           98%         4
 Lee's Rapid Deconstruct  Erth           2%           100%        5
 Metabolic Englaciation   Hex/Ice        2%           100%        5


Dungeon Overview and Level Annotations

Branches:
Dungeon (9/15)             Temple (1/1) D:4            Lair (0/6) D:8
    Orc: D:9-12

Altars:
Ashenzari
Cheibriados
Dithmenos
Elyvilon
Fedhas
Gozag
Hepliaklqana
Kikubaaqudgha
Makhleb
Nemelex Xobeh
Okawaru
Qazlal
Ru
Sif Muna
Trog
Uskayaw
Vehumet
Wu Jian
Xom
Yredelemnul
Zin
The Shining One

Shops:
D:5 *   D:6 :   D:9 [

Annotations:
D:5 exclusion: 2 doors
D:6 2 transporters, Redexial's ghost, novice HuCj


Innate Abilities, Weirdness & Mutations

You can breathe bolts of dispelling energy.
Your rich purple scales are hard. (AC +7)
You cannot fit into any form of body armour.
You are cold-blooded and may be slowed by cold attacks.


Message History

A death knight comes into view.
It is wielding a +1 broad axe of electrocution.
The orc throws a stone.
The stone hits you but does no damage.
An orc comes into view. It is wielding a +0 flail.
A worker ant comes into view.
The orc throws a stone.
The stone completely misses you.
A water moccasin comes into view.
You spin and attack the black bear.
You barely miss the black bear.
The water moccasin hisses angrily.
Your tail-slap misses the black bear.
You hear a shout!
You hear a bark!
The black bear barely misses you. x2; The black bear misses you.
An orc wizard comes into view.
It is wielding a +1 falchion of freezing.
The boulder beetle curls into a ball and begins rolling!
You spin and attack the troll.
You hit the troll. You tail-slap the troll.
The troll is lightly wounded.
The troll completely misses you. The troll claws you.
The troll closely misses you.
The vampire mosquito closely misses you.
The vampire mosquito misses you.
The orc wizard points at itself and mumbles some strange words.
The orc wizard flickers and vanishes!
Deactivating autopickup; reactivate with Ctrl-A.
The vampire mosquito closely misses you.
The boulder beetle hits you!!!
Ouch! That really hurt!
The boulder beetle stops rolling and uncurls.
You hear a shout!
The vampire mosquito misses you.
The vampire mosquito completely misses you.
The boulder beetle curls into a ball and begins rolling!
The vampire mosquito completely misses you.
The vampire mosquito completely misses you.
You spin and attack the boulder beetle.
You hit the boulder beetle.
You slash the boulder beetle, but do no damage.
The boulder beetle is lightly wounded.
The vampire mosquito bites you.
The vampire mosquito draws strength from your injuries!
The boulder beetle hits you!!!
Ouch! That really hurt!
You die...

#..≈♣≈≈≈≈ #..♣♣ ≈≈≈ #.## #..♣ ≈≈
#..# #..♣♣ ;≈≈ ... #... #..#
#..≈♣≈≈≈≈ ...##.. #..# #..≈≈♣
....... #..##########..≈♣≈≈≈≈
.#....######.....<.........♣♣≈≈≈≈
........{....ohy@.....#####♣♣≈≈≈≈
o.........oo.STB......# ≈♣;♣≈
.............p°8.8.8..# P≈P≈≈
.............°..⌠.⌠...######≈♣≈≈≈
.#.........#...8.∩.8..(.....♣≈≈♣≈
#.........#....⌠.⌠..........♣≈P≈
#.........#..#8.8.8##........♣
#......(..#..########(..#####≈≈≈
#........)#.## #...# ♣♣


You could see a death knight, a boulder beetle, a troll, an orc warrior, a water
moccasin, a black bear, a vampire mosquito and 2 orcs.

Vanquished Creatures
  Prince Ribbit (D:5)
  A hornet (D:9)
  Sigmund (D:6)
  Eustachio (D:5)
  A water moccasin (D:6)
  3 orc warriors
  An ice beast (D:8)
  A sky beast (D:7)
  A black bear (D:7)
  7 ogres
  3 centaurs
  2 phantoms
  A kobold brigand (D:7)
  5 bullfrogs
  Blork the orc (D:6)
  A scorpion (D:9)
  5 killer bees (D:9)
  6 wights
  A hound (D:9)
  A bullfrog zombie (D:8)
  3 orc priests
  A centaur skeleton (D:6)
  An iguana (D:7)
  An orc wizard (D:8)
  6 worker ants
  A hound zombie (D:6)
  A worker ant zombie (D:9)
  Robin (D:4)
  10 adders
  6 gnolls
  A howler monkey skeleton (D:3)
  2 shadow imps
  A white imp (D:9)
  An ufetubus (D:7)
  An adder skeleton (D:8)
  3 worms
  4 leopard geckos
  18 orcs
  2 ball pythons
  6 giant cockroaches
  11 goblins
  6 hobgoblins
  22 jackals
  4 quokkas
  6 bats
  5 frilled lizards
  13 kobolds
  A leopard gecko zombie (D:5)
  9 rats
191 creatures vanquished.

Vanquished Creatures (others)
  23 plants (D:9)
  4 toadstools (D:1)
27 creatures vanquished.

Grand Total: 218 creatures vanquished

Notes
Turn   | Place    | Note
-------+----------+-------------------------------------------
     0 | D:1      | wampuh the Draconian Transmuter began the quest for the
                  | Orb.
     0 | D:1      | Reached XP level 1. HP: 16/16 MP: 3/3
    39 | D:1      | Reached XP level 2. HP: 14/23 MP: 3/5
    42 | D:1      | Learned a level 2 spell: Wereblood
   206 | D:1      | Reached skill level 3 in Transmutations
   492 | D:1      | Reached XP level 3. HP: 26/28 MP: 6/6
  1070 | D:2      | Reached skill level 4 in Transmutations
  1259 | D:2      | Noticed a phantom
  1288 | D:2      | Reached XP level 4. HP: 24/35 MP: 4/7
  1298 | D:2      | Killed a phantom
  1299 | D:2      | Reached skill level 5 in Transmutations
  1299 | D:2      | Reached XP level 5. HP: 8/40 MP: 5/8
  2784 | D:3      | Reached skill level 6 in Transmutations
  2817 | D:3      | Found a glowing silver altar of Zin.
  3028 | D:3      | Reached XP level 6. HP: 19/47 MP: 6/9
  3334 | D:3      | Became a worshipper of Zin the Law-Giver
  3334 | D:3      | Reached * piety under Zin
  3355 | D:4      | Reached skill level 7 in Transmutations
  3811 | D:4      | Identified the +1 helmet of Eternal Vigilance {rPois Str+2}
  3811 | D:4      | Noticed Robin
  3846 | D:4      | Killed Robin
  4085 | D:4      | Found a staircase to the Ecumenical Temple.
  4103 | Temple   | Entered the Ecumenical Temple
  4168 | Temple   | Fell from the grace of Zin
  4168 | Temple   | Became a worshipper of the Wu Jian Council
  4537 | D:4      | Found a shimmering altar of Xom.
  4591 | D:5      | Entered Level 5 of the Dungeon
  4834 | D:5      | Noticed Prince Ribbit
  4836 | D:5      | Found a bloodstained altar of Trog.
  4905 | D:4      | Learned a level 5 spell: Blade Hands
  4910 | D:5      | Killed Prince Ribbit
  4911 | D:5      | Reached skill level 8 in Transmutations
  4911 | D:5      | Your scales start taking on a rich purple colour.
  4911 | D:5      | Reached XP level 7. HP: 39/52 MP: 4/10
  5201 | D:5      | Noticed Eustachio
  5209 | D:5      | Killed Eustachio
  5214 | D:5      | Found Puefexoo's Assorted Antiques.
  5222 | D:5      | Bought a fuming green potion for 21 gold pieces
  5222 | D:5      | Bought a scroll labelled VORODW SIDUOFU for 24 gold pieces
  5222 | D:5      | Bought a murky silvery potion for 21 gold pieces
  6463 | D:6      | Noticed a vampire
  6546 | D:6      | Reached XP level 8. HP: 24/62 MP: 11/14
  6747 | D:6      | Found Walir's Book Shop.
  6749 | D:6      | Noticed Blork the orc
  6762 | D:6      | Killed Blork the orc
  6984 | D:6      | Noticed Sigmund
  7003 | D:6      | Killed Sigmund
  7004 | D:6      | Reached skill level 9 in Transmutations
  7006 | D:6      | Reached skill level 5 in Spellcasting
  7187 | D:6      | Found a hide-covered altar of Uskayaw.
  7914 | D:6      | Found a transporter.
  7918 | D:6      | Noticed Redexial's ghost (novice HuCj)
  7922 | D:6      | Found a transporter.
  8115 | D:7      | Reached XP level 9. HP: 60/71 MP: 11/16
  8115 | D:7      | Reached * piety under Wu Jian
  8124 | D:7      | Reached skill level 10 in Transmutations
  8262 | D:7      | Reached skill level 1 in Evocations
  8319 | D:7      | Reached skill level 1 in Invocations
  9714 | D:8      | Reached skill level 5 in Unarmed Combat
  9825 | D:8      | Found a white marble altar of Elyvilon.
  9868 | D:8      | Found a glowing golden altar of the Shining One.
  9869 | D:8      | Found a stormy altar of Qazlal.
  9890 | D:8      | Found a staircase to the Lair.
 10590 | D:9      | Found Kipioxio's Antique Armour Emporium.
 10650 | D:9      | Noticed a boulder beetle
 11305 | D:9      | Found an opulent altar of Gozag.
 11313 | D:9      | Reached ** piety under Wu Jian
 11315 | D:9      | Paralysed by a hornet for 2 turns
 11708 | D:9      | Reached XP level 10. HP: 38/79 MP: 7/17
 12173 | D:9      | Identified the +4 ring mail "Keonn" {Harm rN++ Dex-3}
 12175 | D:9      | Noticed a manticore
 12175 | D:9      | Noticed a death knight
 12187 | D:9      | Mangled by a boulder beetle

Illustrated notes

Levels and vault maps discovered:
D:1:      ldierk_walled_garden_2, layout_basic
D:2:      layout_basic, kennysheep_generic_room_6
D:3:      layout_rooms, general_overflow_altar
D:4:      layout_cave_pods, kennysheep_mini, minmay_temple_entry_offerings,
          uniq_robin
D:5:      cheibrodos_two_vegetables, layout_layer_cave,
          nicolae_overflow_hidden_temple, serial_shops, shop,
          uniq_prince_ribbit1, uniq_eustachio
D:6:      layout_loops_ring, eat_drink_and_be_merry_uskayaw, serial_shops,
          nicolae_shop_temple_entry_statues_fountains,
          gammafunk_ghost_mausoleum, uniq_blork_the_orc, uniq_sigmund
D:7:      minmay_chambers_of_sixes, layout_basic
D:8:      layout_basic, elyvilon_altar_5, grunt_temple_overflow_open,
          lair_entry_dummy
D:9:      minmay_cut_squares, layout_long_grid, serial_bayou,
          serial_bayou_shore_b, serial_bayou_lake_a, serial_bayou_pond_e,
          serial_bayou_pond_a, basic_altar, serial_shops,
          nicolae_shop_temple_entry_statues_fountains
Temple:   eino_wide_crystal_templ

Skill      XL: |  1  2  3  4  5  6  7  8  9 10 |
---------------+-------------------------------+-----
Transmutations | 3 4 5 6 8 9 10 | 10.0
Fighting       | 2 3 4 |  4.3
Spellcasting   | 4 5 |  5.0
Dodging        | 2 4 |  4.9
Unarmed Combat | 4 5 6 |  6.0
Evocations     | 4 |  4.0
Invocations    | 4 |  4.0

Action                   |  1- 3 |  4- 6 |  7- 9 | 10-12 || total
-------------------------+-------+-------+-------+-------++-------
Melee: Unarmed           |   134 |   185 |   229 |     7 ||   555
       Kick              |    18 |    27 |    17 |       ||    62
       Headbutt          |    12 |     8 |    13 |       ||    33
       Tailslap          |    10 |    19 |    37 |     1 ||    67
       Punch             |     2 |     4 |     2 |     1 ||     9
 Cast: Beastly Appendage |    25 |    18 |    15 |       ||    58
       Wereblood         |     2 |     7 |     1 |       ||    10
       Blade Hands       |       |     1 |    30 |     2 ||    33
Invok: Lunge             |       |       |    27 |       ||    27
       Whirlwind         |       |       |     2 |     6 ||     8
 Abil: Breathe Dispellin |       |       |     4 |       ||     4
  Use: Potion            |     2 |     1 |       |       ||     3
       Scroll            |       |     4 |    10 |       ||    14
 Stab: Sleeping          |       |     2 |     1 |       ||     3
       Distracted        |       |       |     1 |       ||     1
Armor: Skin              |    47 |    42 |    29 |     2 ||   120
Dodge: Dodged            |   108 |   150 |   139 |    16 ||   413

Table legend: (Time is in decaauts)
 A = Elapsed time spent in this place.
 B = Non-inter-level travel time spent in this place.
 C = Inter-level travel time spent in this place.
 D = Time resting spent in this place.
 E = Time spent auto-exploring this place.
 F = Levels seen in this place.
 G = Mean time per level.
                   A        B        C        D        E       F      G
               +--------+--------+--------+--------+--------+-----+--------+
         Total |  12183 |  11895 |    288 |   3316 |   7142 |  10 | 1218.3 |
       Dungeon |  12100 |  11829 |    271 |   3316 |   7092 |   9 | 1344.4 |
        Temple |     82 |     65 |     17 |      0 |     50 |   1 |   82.0 |
               +--------+--------+--------+--------+--------+-----+--------+

Top non-repeatable levels by time:
     D:5: 1825 daAuts
     D:8: 1815 daAuts
     D:2: 1814 daAuts
     D:6: 1636 daAuts
     D:7: 1517 daAuts
     D:4: 1200 daAuts
     D:1: 815 daAuts
     D:9: 779 daAuts
     D:3: 696 daAuts
  Temple: 82 daAuts
